 Dungeon Crawl Stone Soup version 0.19-a0-1259-g4fc3c0a (webtiles) character file.

2976 Magifyre the Cleaver (level 9, -4/51 HPs)
             Began as a Gargoyle Berserker on Aug 27, 2016.
             Was a High Priest of Trog.
             Slain by an orc warrior
             ... wielding a +0 hand axe
              (7 damage)
             ... on level 7 of the Dungeon.
             The game lasted 00:19:46 (7596 turns).

Magifyre the Cleaver (Gargoyle Berserker)           Turns: 7596, Time: 00:19:47

Health: -4/51      AC: 20    Str: 24    XL:     9   Next: 82%
Magic:  9/9        EV:  7    Int:  8    God:    Trog [*****.]
Gold:   324        SH:  0    Dex:  9    Spells: 0 memorised, 8 levels left

rFire  . . .     SeeInvis .     G - +0 hand axe (flame)
rCold  . . .     Gourm    .     H - +0 plate armour
rNeg   + . .     Faith    .     (no shield)
rPois  ∞         Spirit   .     n - +2 helmet
rElec  +         Dismiss  +     C - +0 cloak
rCorr  .         Reflect  .     (no gloves)
MR     ++...     Harm     .     (no boots)
Stlth  ..........               w - amulet of dismissal
                                (no ring)
                                k - ring of stealth

@: regenerating
A: negative energy resistance 1, electricity resistance, unbreathing,
petrification resistance, rot immunity, AC +5
a: Berserk, Trog's Hand, Brothers in Arms, Burn Spellbooks, Renounce Religion


You were on level 7 of the Dungeon.
You worshipped Trog.
Trog was extremely pleased with you.
You were near starving.

You visited 2 branches of the dungeon, and saw 8 of its levels.
You also visited: Ossuary.

You collected 324 gold pieces.

Inventory:

Hand Weapons
 G - a +0 hand axe of flaming (weapon)
Missiles
 b - 2 throwing nets
 o - 8 tomahawks (quivered)
Armour
 n - a +2 helmet (worn)
 C - a +0 cloak (worn)
 F - the +2 scale mail of Morghaat {rN+ Dex+4}
   (You took it off a gnoll on level 4 of the Dungeon)

   It affects your dexterity (+4).
   It protects you from negative energy.
 H - a +0 plate armour (worn)
Jewellery
 k - a ring of stealth (left hand)
 w - an amulet of dismissal (around neck)
Wands
 t - a wand of slowing (28/48)
 B - a wand of teleportation (4/9)
Scrolls
 d - 4 scrolls of remove curse {unknown}
 e - a scroll of fear {unknown}
 g - 3 scrolls of blinking {unknown}
 l - 4 scrolls of identify {unknown}
 s - 4 scrolls of recharging {unknown}
 D - a scroll of fog {unknown}
 I - a scroll of magic mapping {unknown}
 J - 4 scrolls of immolation {unknown}
 L - a scroll of enchant armour {unknown}
 M - 2 scrolls of teleportation {unknown}
 O - a scroll of amnesia {unknown}
 R - a scroll of vulnerability {unknown}
Potions
 a - 3 potions of heal wounds {unknown}
 f - 2 potions of might {unknown}
 p - a potion of resistance {unknown}
 q - a potion of berserk rage {unknown}
 r - 2 potions of flight {unknown}
 v - 3 potions of curing {unknown}
 z - a potion of invisibility {unknown}
 A - a potion of mutation {unknown}
 E - a potion of magic {unknown}
 K - a potion of beneficial mutation {unknown}
 N - a potion of agility {unknown}
 P - 2 potions of degeneration {unknown}
 Q - a potion of lignification {unknown}
Books
 x - a book of Misfortune

   Spells                             Type                      Level
   a - Confusing Touch                Hexes                        1
   b - Confuse                        Hexes                        3
   c - Gell's Gravitas                Hexes/Translocation          3
   d - Petrify                        Transmutation/Earth          4
   e - Metabolic Englaciation         Hexes/Ice                    5
   f - Yara's Violent Unravelling     Hexes/Transmutation          5
   Trog disapproves of the use of such an item.
 y - a Fen Folio

   Spells                             Type                      Level
   a - Corpse Rot                     Necromancy                   2
   b - Stone Arrow                    Conjuration/Earth            3
   c - Leda's Liquefaction            Hexes/Earth                  4
   d - Summon Forest                  Summoning/Translocation      5
   e - Hydra Form                     Transmutation                6
   f - Summon Hydra                   Summoning                    7
   Trog disapproves of the use of such an item.
Comestibles
 c - 5 bread rations
 h - 8 fruits
 i - 2 slices of pizza
 j - a beef jerky
 m - 3 royal jellies
 u - 5 meat rations


   Skills:
 - Level 3.2 Fighting
 + Level 12.2 Axes
 - Level 2.1 Armour
 - Level 1.5 Dodging


You had 8 spell levels left.
You didn't know any spells.

Dungeon Overview and Level Annotations

Branches:
Dungeon (7/15)             Temple (1/1) D:4

Altars:
Ashenzari
Cheibriados
Elyvilon
Fedhas
Gozag
Hepliaklqana
Kikubaaqudgha
Makhleb
Nemelex Xobeh
Okawaru
Qazlal
Ru
Sif Muna
Trog
Uskayaw
Vehumet
Yredelemnul
The Shining One


Innate Abilities, Weirdness & Mutations

You are resistant to torment.
Your stone body is resilient. (AC +5)
You are immune to poison.
You resist negative energy. (rN+)
You are resistant to electric shocks. (rElec)
You can survive without breathing.
You are immune to petrification.
You are immune to rotting.


Message History

The orc warrior hits you but does no damage.
You barely miss the orc warrior.
The orc warrior is heavily wounded.
The orc warrior hits you but does no damage.
You closely miss the orc warrior.
The orc warrior is heavily wounded.
You hit the orc warrior. You burn the orc warrior.
The orc warrior is severely wounded.
The orc warrior hits you but does no damage.
Your skin crawls.
You feel resistant to hostile enchantments.
You feel somewhat more hungry.
The orc warrior hits you with a hand axe!
* * * LOW HITPOINT WARNING * * *
You closely miss the orc warrior.
The orc warrior is severely wounded.
You barely miss the orc warrior.
The orc warrior is severely wounded.
The orc warrior hits you with a hand axe!
You die...

###.....##.##.#..#.##......
#.....##.##.##.#.##......
#.....##.##.##.#.##......
#........##.##....'...<..
#.#+####.##.###.#########
#.# #.##.....# ##...
#.#.####.##.....# #8...
.........##.....# ##...
#.#.####@##.....# ###. ..#
#o#......# #. ###
#.#......########∩
..#...##..........
..#...##..........
........###........
........ ####..#'# #.#.....
.....#.# #..... ####..#.#


You could see an orc warrior.

Vanquished Creatures
  The ghost of PurpleRed the Conjurer, a novice DECj (D:7)
  Grinder (D:5)
  Sigmund (D:6)
  A wraith (Ossuary)
  Menkaure (D:5)
  An orc warrior (D:6)
  A phantom (D:4)
  A black bear (D:7)
  3 sky beasts (D:5)
  A centaur (D:6)
  An ogre (D:5)
  3 giant frogs
  2 scorpions (D:6)
  4 crimson imps
  3 giant frog zombies
  A quasit (D:6)
  5 orc priests
  A centaur skeleton (D:5)
  Crazy Yiuf (D:5)
  A hound (D:5)
  5 orc wizards
  Jessica (D:3)
  5 worker ants
  3 mummies (Ossuary)
  A worker ant zombie (D:5)
  Robin (D:2)
  3 gnolls (D:4)
  9 adders
  2 shadow imps
  An ooze (D:4)
  An adder skeleton (D:2)
  2 adder zombies (D:2)
  4 worms
  5 dart slugs
  7 giant geckos
  17 orcs
  A bat skeleton (D:2)
  3 giant cockroaches
  2 gnoll zombies (Ossuary)
  19 goblins
  11 hobgoblins
  8 jackals
  3 kobolds (D:3)
  4 quokkas
  2 ball pythons
  11 bats
  A giant cockroach zombie (D:5)
  2 giant gecko skeletons
  3 giant newts
  2 goblin zombies (Ossuary)
  4 hobgoblin zombies (Ossuary)
  A jackal skeleton (D:2)
  2 kobold zombies (Ossuary)
  11 rats
191 creatures vanquished.

Notes
Turn   | Place    | Note
-------+----------+-------------------------------------------
     0 | D:1      | Magifyre the Gargoyle Berserker began the quest for the Orb.
     0 | D:1      | Reached XP level 1. HP: 14/14 MP: 1/1
    46 | D:1      | Reached skill level 3 in Axes
   100 | D:1      | Reached XP level 2. HP: 17/19 MP: 2/2
   347 | D:1      | Reached XP level 3. HP: 13/23 MP: 3/3
   568 | D:1      | Reached ** piety under Trog
   872 | D:2      | Reached skill level 4 in Axes
  1020 | D:2      | Found an iron altar of Okawaru.
  1186 | D:2      | Reached XP level 4. HP: 28/28 MP: 4/4
  1187 | D:2      | Noticed Robin
  1209 | D:2      | Killed Robin
  1490 | D:2      | You fall through a shaft!
  1528 | D:3      | Found a blossoming altar of Fedhas.
  1576 | D:3      | Reached skill level 5 in Axes
  1587 | D:3      | Reached *** piety under Trog
  1674 | D:3      | Reached XP level 5. HP: 21/32 MP: 5/5
  1824 | D:3      | Noticed Jessica
  1834 | D:3      | Killed Jessica
  1909 | D:3      | Noticed a hand axe
  1910 | D:3      | Noticed a dagger
  1910 | D:3      | Found a hide-covered altar of Uskayaw.
  2490 | D:2      | Found a burning altar of Makhleb.
  2528 | D:2      | Reached XP level 6. HP: 36/37 MP: 6/6
  2613 | D:2      | Noticed a cacodemon
  2861 | D:5      | Entered Level 5 of the Dungeon
  3036 | D:5      | Found a hazy altar of Hepliaklqana.
  3049 | D:5      | Reached skill level 6 in Axes
  3101 | D:5      | Noticed a sky beast
  3114 | D:5      | Killed a sky beast
  3114 | D:5      | Reached skill level 7 in Axes
  3114 | D:5      | Reached XP level 7. HP: 11/41 MP: 7/7
  3627 | D:5      | Reached skill level 8 in Axes
  3797 | D:5      | Found a runed door.
  3831 | D:5      | Noticed Menkaure
  3839 | D:5      | Killed Menkaure
  3839 | D:5      | Reached XP level 8. HP: 25/46 MP: 8/8
  4504 | D:5      | Noticed Crazy Yiuf
  4515 | D:5      | Killed Crazy Yiuf
  4618 | D:4      | Found a staircase to the Ecumenical Temple.
  4624 | D:4      | Reached skill level 9 in Axes
  4638 | Temple   | Entered the Ecumenical Temple
  5084 | D:4      | Reached **** piety under Trog
  5187 | D:4      | Got a shimmering scale mail
  5199 | D:4      | Identified the +2 scale mail of Morghaat {rN+ Dex+4} (You took it off a gnoll on level 4 of the Dungeon)
  5204 | D:4      | Found a glowing golden altar of the Shining One.
  5511 | D:4      | Found a basalt altar of Yredelemnul.
  5618 | D:6      | Noticed Grinder
  5622 | D:6      | Paralysed by Grinder for 4 turns
  5628 | D:5      | Paralysed by Grinder for 4 turns
  5643 | D:5      | Paralysed by Grinder for 2 turns
  5655 | D:5      | Paralysed by Grinder for 5 turns
  5666 | D:5      | Killed Grinder
  5666 | D:5      | Reached skill level 10 in Axes
  6005 | D:6      | Found a stormy altar of Qazlal.
  6048 | D:6      | Reached XP level 9. HP: 30/51 MP: 9/9
  6348 | D:6      | Noticed Sigmund
  6358 | D:6      | Killed Sigmund
  6358 | D:6      | Reached skill level 11 in Axes
  6375 | D:6      | Found a snail-covered altar of Cheibriados.
  6989 | D:7      | Found a sand-covered staircase.
  7001 | Ossuary  | Entered an ossuary
  7020 | Ossuary  | Reached ***** piety under Trog
  7528 | D:7      | Noticed PurpleRed's ghost (novice DECj)
  7547 | D:7      | Killed PurpleRed's ghost
  7547 | D:7      | Reached skill level 12 in Axes
  7594 | D:7      | HP: 1/51 [orc warrior/hand axe (12)]
  7596 | D:7      | Slain by an orc warrior

Vault maps used:
D:1:      mrwooster_arrival_statue_3, serial_glass, glass_columns_c,
          glass_columns_a, grunt_decor_mini_mirrors
D:2:      marbit_many_paths, serial_undead, serial_undead_f, serial_undead_a,
          serial_undead_b, serial_undead_a, makhleb_altar_promises_db,
          uniq_robin
D:3:      dancing_weapons_uskayaw, nicolae_overflow_crystal_walls,
          kennysheep_generic_room_9, uniq_jessica
D:4:      nicolae_tso_swordbearing_angel, lemuel_coloured_pillars_altar
D:5:      lemuel_doored_altar, first_bread, uniq_menkaure,
          uniq_crazy_yiuf_cottage
D:6:      grunt_qazlal_sundering, lemuel_crystal_altar, uniq_sigmund,
          uniq_grinder
D:7:      chequers_ossuary_entry_cave
Temple:   jpeg_temple_alley_garden
Ossuary:  ossuary_kennysheep_city_of_the_dead

Skill      XL: |  1  2  3  4  5  6  7  8  9 |
---------------+----------------------------+-----
Axes           | 3 4 5 7 8 10 12 | 12.2
Fighting       | |  3.2
Armour         | |  2.1
Dodging        | |  1.5

Action                   |  1- 3 |  4- 6 |  7- 9 || total
-------------------------+-------+-------+-------++-------
Melee: Hand axe          |   166 |   267 |   642 ||  1075
Throw: Tomahawk          |       |    13 |     5 ||    18
Invok: Berserk           |     1 |     1 |     1 ||     3
       Trog's Hand       |       |       |     3 ||     3
  Eat: Chunk             |     2 |     6 |    17 ||    25
Armor: Animal skin       |     3 |       |       ||     3
       Ring mail         |    75 |    56 |       ||   131
       Scale mail        |       |    71 |   156 ||   227
       Plate armour      |       |       |   125 ||   125
Dodge: Dodged            |   120 |   146 |   198 ||   464
